[ AOE2 MATCH · #504878626 ]
UnrankedGoths vs Wu
Player's team · WIN
Rival team · LOSS
[ REPLAY ANALYSIS · EXTRACTED FROM THE RECORDED GAME ]
Feudal
10:41
Castle
22:49
Imperial
—
| APM avg | 70.4 |
| APM peak | 97 |
| eAPM avg | 23.9 |
| Villagers / military | 62 / 68 |
Focus
⚔️ 47.6% · 🌾 52.4%
Militia ×44 · Skirmisher ×19 · Archer ×5
Feudal
9:27
Castle
22:37
Imperial
—
| APM avg | 59.8 |
| APM peak | 86 |
| eAPM avg | 30.1 |
| Villagers / military | 56 / 23 |
Focus
⚔️ 45.9% · 🌾 54.1%
Unknown (1974) ×21 · Skirmisher ×12 · Archer ×9 · Militia ×2
Match map
Initial resources + every placement click. Lines = walls · curves = elevation contours. ◆ gold · ⬟ stone · ● berries · ✦ relic · ◌ wall gap
Your base· ✓ Closed at 22:49 · 64t walls · 1 gate(s)
FYI Inc's base· ✓ Closed at 22:37 · 48t walls · 1 gate(s)
Smoothed initial terrain · ◌ = detected wall gap · hover for details
Inputs per minute
— Macluffy - - FYI Inc
Build order — Macluffy
First 150 of 230 actions detected
| 0:01 | Create | Villager (Male) |
| 0:01 | Create | Villager (Male) |
| 0:01 | Create | Villager (Male) |
| 0:02 | Build | House |
| 0:04 | Build | House |
| 0:07 | Create | Villager (Male) |
| 1:25 | Create | Villager (Male) |
| 1:50 | Build | Lumber Camp |
| 2:02 | Create | Villager (Male) |
| 2:12 | Create | Villager (Male) |
| 2:44 | Create | Villager (Male) |
| 2:56 | Create | Villager (Male) |
| 3:37 | Create | Villager (Male) |
| 3:51 | Build | House |
| 3:51 | Create | Villager (Male) |
| 4:00 | Create | Villager (Male) |
| 4:33 | Create | Villager (Male) |
| 4:43 | Build | Barracks |
| 4:49 | Create | Villager (Male) |
| 5:14 | Build | House |
| 5:37 | Create | Militia |
| 5:41 | Create | Villager (Male) |
| 5:46 | Create | Villager (Male) |
| 5:57 | Create | Militia |
| 5:58 | Create | Militia |
| 6:01 | Build | House |
| 6:11 | Create | Villager (Male) |
| 6:21 | Build | Mill |
| 6:27 | Create | Militia |
| 6:42 | Build | Palisade Wall |
| 6:56 | Create | Villager (Male) |
| 6:58 | Research | Loom |
| 7:02 | Build | Palisade Wall |
| 7:28 | Build | Palisade Wall |
| 7:36 | Create | Villager (Male) |
| 7:37 | Create | Villager (Male) |
| 7:56 | Create | Villager (Male) |
| 8:05 | Build | House |
| 8:31 | Research | Feudal Age |
| 8:51 | Build | Mining Camp |
| 9:31 | Create | Militia |
| 9:33 | Build | Palisade Wall |
| 9:34 | Build | Palisade Wall |
| 9:35 | Build | Palisade Wall |
| 9:35 | Build | Palisade Wall |
| 9:37 | Build | Palisade Wall |
| 9:38 | Build | Palisade Wall |
| 9:38 | Build | Palisade Wall |
| 9:46 | Build | Palisade Wall |
| 9:59 | Create | Villager (Male) |
| 10:11 | Create | Militia |
| 10:41 | Age | Feudal Age |
| 10:45 | Build | Archery Range |
| 10:49 | Create | Villager (Male) |
| 10:54 | Research | Man-at-Arms (upgrade) |
| 11:08 | Research | Double-Bit Axe |
| 11:12 | Research | Horse Collar |
| 11:13 | Create | Villager (Male) |
| 11:18 | Build | House |
| 11:29 | Create | Archer |
| 11:30 | Create | Villager (Male) |
| 11:35 | Create | Archer |
| 11:37 | Build | House |
| 11:41 | Build | Palisade Wall |
| 11:54 | Create | Villager (Male) |
| 11:57 | Build | Farm |
| 12:13 | Build | Palisade Wall |
| 12:16 | Build | Palisade Gate |
| 12:21 | Create | Archer |
| 12:21 | Create | Villager (Male) |
| 12:39 | Build | Farm |
| 12:39 | Build | Farm |
| 12:46 | Create | Skirmisher |
| 12:47 | Create | Villager (Male) |
| 12:57 | Create | Skirmisher |
| 13:01 | Build | House |
| 13:03 | Build | Farm |
| 13:13 | Create | Skirmisher |
| 13:19 | Build | Farm |
| 13:32 | Create | Skirmisher |
| 13:34 | Create | Villager (Male) |
| 13:40 | Build | Blacksmith |
| 13:51 | Create | Skirmisher |
| 14:01 | Create | Villager (Male) |
| 14:03 | Build | Farm |
| 14:05 | Build | Farm |
| 14:09 | Build | Palisade Wall |
| 14:19 | Create | Villager (Male) |
| 14:24 | Build | Farm |
| 14:36 | Research | Fletching |
| 14:38 | Create | Archer |
| 14:43 | Build | Farm |
| 14:47 | Build | Farm |
| 14:52 | Create | Villager (Male) |
| 15:13 | Create | Skirmisher |
| 15:13 | Create | Villager (Male) |
| 15:17 | Build | Farm |
| 15:22 | Build | House |
| 15:23 | Build | House |
| 15:28 | Create | Villager (Male) |
| 15:30 | Create | Skirmisher |
| 15:36 | Create | Archer |
| 15:37 | Create | Skirmisher |
| 15:38 | Create | Villager (Male) |
| 15:57 | Research | Scale Mail Armor |
| 16:02 | Build | Lumber Camp |
| 16:06 | Create | Skirmisher |
| 16:20 | Create | Militia |
| 16:23 | Build | Farm |
| 16:26 | Build | House |
| 16:36 | Create | Villager (Male) |
| 16:53 | Build | Farm |
| 16:55 | Build | Palisade Wall |
| 16:59 | Build | Market |
| 17:01 | Build | Palisade Wall |
| 17:02 | Create | Villager (Male) |
| 17:09 | Create | Militia |
| 17:10 | Create | Villager (Male) |
| 17:20 | Build | Farm |
| 17:28 | Create | Militia |
| 17:41 | Create | Villager (Male) |
| 17:43 | Build | Farm |
| 17:45 | Build | Farm |
| 17:46 | Build | Farm |
| 17:53 | Create | Skirmisher |
| 17:53 | Create | Villager (Male) |
| 18:00 | Build | Palisade Wall |
| 18:09 | Create | Villager (Male) |
| 18:14 | Research | Forging |
| 18:19 | Create | Skirmisher |
| 18:34 | Create | Militia |
| 18:34 | Create | Villager (Male) |
| 18:36 | Build | House |
| 18:41 | Create | Skirmisher |
| 18:44 | Build | Farm |
| 18:44 | Build | Farm |
| 18:46 | Build | Farm |
| 18:57 | Create | Skirmisher |
| 19:01 | Create | Villager (Male) |
| 19:09 | Create | Villager (Male) |
| 19:34 | Create | Villager (Male) |
| 19:41 | Create | Villager (Male) |
| 20:08 | Build | Farm |
| 20:09 | Research | Castle Age |
| 20:27 | Create | Skirmisher |
| 20:58 | Build | Barracks |
| 21:20 | Research | Padded Archer Armor |
| 21:35 | Research | Gold Mining |
| 21:40 | Build | Farm |
| 22:17 | Create | Villager (Male) |
Build order — FYI Inc
First 150 of 182 actions detected
| 0:00 | Create | Villager (Male) |
| 0:01 | Create | Villager (Male) |
| 0:02 | Build | House |
| 0:02 | Create | Villager (Male) |
| 0:02 | Build | House |
| 0:05 | Create | Villager (Male) |
| 0:06 | Create | Villager (Male) |
| 1:33 | Create | Villager (Male) |
| 1:33 | Create | Villager (Male) |
| 1:57 | Create | Villager (Male) |
| 2:13 | Build | Lumber Camp |
| 2:15 | Create | Villager (Male) |
| 2:51 | Create | Villager (Male) |
| 2:51 | Create | Villager (Male) |
| 3:04 | Build | House |
| 3:15 | Create | Villager (Male) |
| 3:16 | Create | Villager (Male) |
| 3:16 | Create | Villager (Male) |
| 3:24 | Build | Palisade Wall |
| 4:19 | Create | Villager (Male) |
| 4:19 | Create | Villager (Male) |
| 4:38 | Build | Mill |
| 4:54 | Create | Villager (Male) |
| 5:16 | Build | House |
| 5:17 | Build | Palisade Wall |
| 5:24 | Create | Villager (Male) |
| 5:49 | Create | Villager (Male) |
| 5:49 | Create | Villager (Male) |
| 5:50 | Create | Villager (Male) |
| 6:27 | Research | Loom |
| 6:37 | Build | Palisade Wall |
| 6:56 | Build | House |
| 7:17 | Research | Feudal Age |
| 7:54 | Build | Barracks |
| 8:14 | Build | House |
| 8:17 | Build | Palisade Wall |
| 8:50 | Build | Palisade Wall |
| 9:15 | Build | Palisade Wall |
| 9:16 | Build | Palisade Wall |
| 9:18 | Build | Palisade Wall |
| 9:27 | Age | Feudal Age |
| 9:30 | Build | Archery Range |
| 9:30 | Create | Villager (Male) |
| 9:47 | Build | House |
| 9:49 | Build | House |
| 9:52 | Build | Palisade Wall |
| 9:54 | Build | Palisade Wall |
| 9:56 | Create | Villager (Male) |
| 10:06 | Build | House |
| 10:15 | Create | Villager (Male) |
| 10:16 | Create | Archer |
| 10:28 | Research | Double-Bit Axe |
| 10:30 | Create | Villager (Male) |
| 10:39 | Create | Skirmisher |
| 10:55 | Create | Skirmisher |
| 10:58 | Create | Villager (Male) |
| 11:20 | Create | Villager (Male) |
| 11:22 | Build | Farm |
| 11:25 | Build | Farm |
| 11:29 | Create | Skirmisher |
| 11:43 | Build | Farm |
| 11:50 | Create | Villager (Male) |
| 11:55 | Build | Farm |
| 11:59 | Create | Skirmisher |
| 12:12 | Build | Farm |
| 12:15 | Research | Town Watch |
| 12:21 | Build | House |
| 12:26 | Create | Skirmisher |
| 12:30 | Create | Villager (Male) |
| 12:50 | Create | Villager (Male) |
| 12:54 | Build | Blacksmith |
| 12:56 | Create | Skirmisher |
| 13:00 | Create | Villager (Male) |
| 13:07 | Build | Farm |
| 13:16 | Create | Skirmisher |
| 13:22 | Build | House |
| 13:39 | Build | Mining Camp |
| 13:43 | Create | Skirmisher |
| 13:54 | Research | Padded Archer Armor |
| 13:58 | Create | Skirmisher |
| 14:01 | Build | Farm |
| 14:01 | Create | Villager (Male) |
| 14:04 | Build | House |
| 14:15 | Build | Farm |
| 14:21 | Build | House |
| 14:32 | Research | Wheelbarrow |
| 14:34 | Research | Fletching |
| 14:40 | Build | Palisade Wall |
| 14:48 | Build | Palisade Gate |
| 14:50 | Build | Palisade Wall |
| 14:59 | Create | Archer |
| 15:00 | Create | Archer |
| 15:06 | Create | Villager (Male) |
| 15:07 | Build | Farm |
| 15:27 | Create | Archer |
| 15:32 | Build | House |
| 15:33 | Build | House |
| 15:58 | Create | Skirmisher |
| 16:01 | Create | Archer |
| 16:06 | Build | Farm |
| 16:06 | Create | Villager (Male) |
| 16:25 | Build | House |
| 16:36 | Build | House |
| 16:36 | Create | Villager (Male) |
| 16:42 | Build | Lumber Camp |
| 16:56 | Build | House |
| 17:00 | Create | Villager (Male) |
| 17:02 | Create | Archer |
| 17:02 | Create | Archer |
| 17:15 | Build | Farm |
| 17:26 | Create | Villager (Male) |
| 17:33 | Build | Lumber Camp |
| 17:55 | Build | Watch Tower |
| 18:03 | Create | Archer |
| 18:07 | Create | Villager (Male) |
| 18:10 | Build | Farm |
| 18:36 | Create | Villager (Male) |
| 18:41 | Build | Mining Camp |
| 19:09 | Create | Villager (Male) |
| 19:19 | Create | Archer |
| 19:24 | Create | Villager (Male) |
| 19:24 | Create | Villager (Male) |
| 19:24 | Create | Villager (Male) |
| 19:57 | Research | Castle Age |
| 20:04 | Build | Farm |
| 20:29 | Create | Skirmisher |
| 20:29 | Create | Skirmisher |
| 20:32 | Build | Lumber Camp |
| 20:35 | Research | Scale Mail Armor |
| 21:04 | Build | Barracks |
| 21:19 | Research | Forging |
| 21:21 | Research | Horse Collar |
| 22:18 | Build | Barracks |
| 22:37 | Age | Castle Age |
| 22:44 | Research | Squires |
| 22:46 | Research | Iron Casting |
| 22:47 | Create | Unit 1974 |
| 22:47 | Create | Unit 1974 |
| 22:47 | Create | Villager (Male) |
| 22:58 | Build | Farm |
| 22:59 | Create | Villager (Male) |
| 23:09 | Create | Unit 1974 |
| 23:14 | Build | Farm |
| 23:15 | Build | Farm |
| 23:21 | Create | Unit 1974 |
| 23:21 | Create | Unit 1974 |
| 23:22 | Create | Unit 1974 |
| 23:25 | Create | Villager (Male) |
| 23:52 | Create | Unit 1974 |
| 23:54 | Create | Villager (Male) |
Match timeline
| 3:24 | FYI Inc · wall_segment Palisade Wall x6 |
| 4:43 | Macluffy · first_building Barracks |
| 5:17 | FYI Inc · wall_segment Palisade Wall x12 |
| 6:37 | FYI Inc · wall_segment Palisade Wall x8 |
| 6:42 | Macluffy · wall_segment Palisade Wall x7 |
| 7:02 | Macluffy · wall_segment Palisade Wall x6 |
| 7:28 | Macluffy · wall_segment Palisade Wall x1 |
| 7:54 | FYI Inc · first_building Barracks |
| 8:17 | FYI Inc · wall_segment Palisade Wall x5 |
| 8:50 | FYI Inc · wall_segment Palisade Wall x1 |
| 9:15 | FYI Inc · wall_segment Palisade Wall x1 |
| 9:16 | FYI Inc · wall_segment Palisade Wall x1 |
| 9:18 | FYI Inc · wall_segment Palisade Wall x1 |
| 9:27 | FYI Inc · age_up feudal |
| 9:30 | FYI Inc · first_building Archery Range |
| 9:33 | Macluffy · wall_segment Palisade Wall x1 |
| 9:34 | Macluffy · wall_segment Palisade Wall x1 |
| 9:35 | Macluffy · wall_segment Palisade Wall x1 |
| 9:35 | Macluffy · wall_segment Palisade Wall x2 |
| 9:37 | Macluffy · wall_segment Palisade Wall x1 |
| 9:38 | Macluffy · wall_segment Palisade Wall x1 |
| 9:38 | Macluffy · wall_segment Palisade Wall x1 |
| 9:46 | Macluffy · wall_segment Palisade Wall x9 |
| 9:52 | FYI Inc · wall_segment Palisade Wall x1 |
| 9:54 | FYI Inc · wall_segment Palisade Wall x1 |
| 10:41 | Macluffy · age_up feudal |
| 10:45 | Macluffy · first_building Archery Range |
| 11:41 | Macluffy · wall_segment Palisade Wall x6 |
| 12:13 | Macluffy · wall_segment Palisade Wall x4 |
| 14:09 | Macluffy · wall_segment Palisade Wall x15 |
| 14:40 | FYI Inc · wall_segment Palisade Wall x10 |
| 14:50 | FYI Inc · wall_segment Palisade Wall x1 |
| 16:55 | Macluffy · wall_segment Palisade Wall x4 |
| 17:01 | Macluffy · wall_segment Palisade Wall x4 |
| 18:00 | Macluffy · wall_segment Palisade Wall x4 |
| 19:26 | Macluffy · first_market_sell 100 stone |
| 19:27 | Macluffy · first_market_buy 100 food |
| 22:37 | FYI Inc · age_up castle |
| 22:49 | Macluffy · age_up castle |
| 22:50 | Macluffy · wall_segment Palisade Wall x1 |
| 25:28 | FYI Inc · first_market_sell 100 wood |
| 26:49 | Macluffy · first_building Siege Workshop |
| 28:07 | FYI Inc · resign |
[ AI ANALYSIS · 1 CREDIT ]
What really happened in this match?
Wolo.gg analyzes every decision: build order, eco, micro, common mistakes by bracket. Personalized analysis on WhatsApp or Discord in 30 seconds.
Civ guide
Goths
Perfil
Jugador #453821